 Dungeon Crawl Stone Soup version 0.32-a0-886-g41c5271027 (webtiles) character file.

Game seed: 12953865272048970189

5406 pokedragonboy the Nimble (level 10, 0/79 HPs)
             Began as a Merfolk Shapeshifter on Apr 2, 2024.
             Was an Initiate of Ru.
             Slain by a basilisk (12 damage)
             ... on level 8 of the Dungeon.
             The game lasted 00:18:14 (7279 turns).

pokedragonboy the Nimble (Merfolk Shapeshifter)     Turns: 7279, Time: 00:18:15

Health: 0/79       AC:  8    Str: 19    XL:     10   Next: 67%
Magic:  10/10      EV: 19    Int: 10    God:    Ru [......]
Gold:   422        SH:  0    Dex: 13    Spells: 9/9 levels left

rFire   . .          .
                       - Unarmed
rCold   . . .        (shield currently unavailable)
rNeg    . . .        u - melded +0 scale mail "Viucru" {rElec MP+9 Str-4 Slay+5}
rPois   +            J - +0 helmet
rElec   .            (no cloak)
rCorr   .            (no gloves)
SInv    .            i - +2 pair of boots
Will    .....        (no amulet)
Stlth   +            j - +4 ring of protection
HPRegen 0.33/turn    v - ring of poison resistance
MPRegen 0.12/turn

%: no passive effects
@: flux-form, glowing
A: glow, contaminating, (nimble swimmer 2), mertail
a: Begin Untransformation, Renounce Religion


You were on level 8 of the Dungeon.
You worshipped Ru.
Ru was noncommittal.
You were something dangerously unstable.
You visited 2 branches of the dungeon, and saw 9 of its levels.

You collected 422 gold pieces.

Inventory:

Hand Weapons
 a - a +0 spear
 h - the +8 mace of Eklowujo {heavy, rElec rF+ Str+6}
   (You found it on level 5 of the Dungeon)

   Str+6:     It affects your strength (+6).
   rF+:       It protects you from fire.
   rElec:     It insulates you from electricity.
 C - a +0 war axe of freezing
 K - a +3 hand axe
Armour
 i - a +2 pair of boots (worn)
 u - the +0 scale mail "Viucru" (melded) {rElec MP+9 Str-4 Slay+5}
   (You found it on level 3 of the Dungeon)

   Str-4:     It affects your strength (-4).
   Slay+5:    It affects your accuracy & damage with ranged weapons and melee
   (+5).
   rElec:     It insulates you from electricity.
   MP+9:      It affects your magic capacity (+9).
 x - +2 swamp dragon scales
 I - the +4 ring mail of Loss {Will+ Dex+3}
   (You found it on level 6 of the Dungeon)

   Dex+3:     It affects your dexterity (+3).
   Will+:     It increases your willpower.
 J - a +0 helmet (worn)
 L - a +0 plate armour
Magical Staves
 t - a staff of alchemy
Jewellery
 j - a +4 ring of protection (left hand)
 m - a ring of positive energy
 v - a ring of poison resistance (right hand)
 E - a +6 ring of dexterity
 F - a ring of ice
Talismans
 c - a beast talisman
 d - a flux talisman (active)
 w - a maw talisman
Wands
 A - a wand of mindburst (4)
Scrolls
 e - a scroll of blinking {unknown}
 g - a scroll of revelation {unknown}
 k - 2 scrolls of poison {unknown}
 n - 2 scrolls of fog {unknown}
 o - a scroll of brand weapon {unknown}
 p - a scroll of torment {unknown}
 s - a scroll of amnesia
 y - 3 scrolls of teleportation
 D - a scroll of enchant weapon {unknown}
 H - 2 scrolls of enchant armour
 M - a scroll of summoning {unknown}
 O - a scroll of vulnerability {unknown}
Potions
 b - 2 potions of lignification
 f - 2 potions of might {unknown}
 l - 2 potions of degeneration
 q - a potion of curing {unknown}
 r - 2 potions of brilliance
 z - 3 potions of haste
 B - 3 potions of mutation
 G - a potion of heal wounds {unknown}
 N - a potion of ambrosia {unknown}


   Skills:
 + Level 7.6 Fighting
 - Level 2.8 Polearms
 + Level 4.7 Armour
 + Level 9.5 Dodging
 + Level 8.4 Unarmed Combat
 + Level 9.4 Shapeshifting


You had 9 spell levels left.
You didn't know any spells.
Your spell library contained the following spells:

 Spells                   Type           Power      Damage    Failure   Level
 Malign Gateway           Summ/Tloc      0%         N/A       100%        7
 Summon Horrible Things   Summ           0%         N/A       100%        8


Dungeon Overview and Level Annotations

Branches:
Dungeon (8/15)             Temple (1/1) D:7
   Lair: D:8-11

Altars:
Ashenzari
Cheibriados
Dithmenos
Elyvilon
Fedhas
Gozag
Hepliaklqana
Kikubaaqudgha
Makhleb
Nemelex Xobeh
Okawaru
Qazlal
Ru
Sif Muna
Trog
Uskayaw
Vehumet
Wu Jian
Xom
Yredelemnul
Zin
The Shining One

Shops:
D:4 =

Annotations:
D:4 1 runed translucent door, Crazy Yiuf


Innate Abilities, Weirdness & Mutations

You are something dangerously unstable.
You glow with magical radiation, making you easy to see and hit.
Foes you strike become dangerously contaminated with magical radiation.
You are incapable of wielding weapons or throwing items.
((You are very nimble when in or above water. (Stealth+, EV+, Speed+++)))
Your lower body shifts to a powerful aquatic tail in water.


Message History

* * * LOW HITPOINT WARNING * * *
Unknown command.
You hit the manticore.
The manticore shudders as magic cascades through it.
The manticore twists and deforms.
The manticore is severely wounded.
The manticore completely misses you. The manticore barely misses you.
The manticore claws you but does no damage.
You hit the manticore.
The manticore begins to glow.
The manticore is severely wounded.
You hit the manticore.
The manticore glows dangerously bright.
The manticore is almost dead.
The manticore bites you.
* * * LOW HITPOINT WARNING * * *
The manticore claws you.
* * * LOW HITPOINT WARNING * * *
The manticore misses you.
You hit the manticore.
The manticore shudders as magic cascades through it!
You kill the manticore!
A basilisk comes into view.
Things that are here:
a +0 quarterstaff; a +0 shortbow; a centaur corpse
Things that are here:
a +0 giant club; a +0 giant club You start resting.
A basilisk is nearby!
The basilisk hisses angrily.
You start resting.
A basilisk is nearby!
The basilisk bites you!
* * * LOW HITPOINT WARNING * * *
You hit the basilisk.
The basilisk begins to glow.
The basilisk is lightly wounded.
The basilisk misses you.
You punch the basilisk!
The basilisk glows dangerously bright.
The basilisk is moderately wounded.
The basilisk bites you!
You die...
Ru respects your ultimate sacrifice.

#.... #.#######......'.... #.^..
#.##...........##.## #....
#.##....P..♣...##... #....
#.##....♣......##.## #....
#.##....PP.♣..###...
###....######.##....♣♣P♣..# #..
.......)......##.÷........# #..#
#####....)...)l)...............#
#.#########p.÷.......#### #.
#..........# # #..........#
#........(.# #.#+###....# ...
#....# #### ###


You could see a basilisk (heavy contam).

Vanquished Creatures
  A two-headed ogre (D:8)
  A centaur warrior (D:8)
  2 manticores (D:8)
  A kobold demonologist (D:8)
  Maggie (D:7)
  A steam dragon (D:7)
  4 water moccasins
  An orc warrior (D:7)
  An ice beast (D:4)
  3 black bears
  2 ogres
  3 centaurs
  A phantom (D:6)
  2 kobold brigands (D:7)
  2 bullfrogs (D:7)
  4 scorpions
  2 howler monkeys
  A vampire bat (D:5)
  3 electric eels (D:6)
  A bombardier beetle (D:3)
  5 hounds
  An orc priest (D:5)
  A jelly (D:4)
  A sleepcap (D:7)
  8 iguanas
  An orc wizard (D:6)
  Natasha (D:3)
  11 adders
  A shadow imp (D:6)
  6 white imps
  4 ufetubi
  A dart slug (D:1)
  2 ribbon worms (D:3)
  10 orcs
  9 ball pythons
  4 bat skeletons (D:5)
  2 bat zombies (D:5)
  4 endoplasms
  3 giant cockroaches
  9 goblins
  5 hobgoblins
  3 jackals (D:4)
  2 quokkas
  6 bats
  5 frilled lizards
  17 kobolds
  2 rats (D:1)
161 creatures vanquished.

Notes
Turn   | Place    | Note
-------+----------+-------------------------------------------
     0 | D:1      | pokedragonboy the Merfolk Shapeshifter began the quest for
                  | the Orb.
     0 | D:1      | Reached XP level 1. HP: 15/15 MP: 1/1
   238 | D:1      | Reached XP level 2. HP: 19/21 MP: 2/2
   309 | D:1      | Reached skill level 1 in Polearms
   722 | D:1      | Reached XP level 3. HP: 26/26 MP: 3/3
   859 | D:2      | Found a faded altar of an unknown god.
  1005 | D:2      | Reached XP level 4. HP: 33/33 MP: 4/4
  1230 | D:2      | Found a hazy altar of Hepliaklqana.
  1449 | D:3      | Identified the +0 scale mail "Viucru" {rElec MP+9 Str-4
                  | Slay+5}
  1479 | D:3      | Reached XP level 5. HP: 34/39 MP: 5/5
  2038 | D:3      | Noticed Natasha
  2041 | D:3      | Killed Natasha
  2133 | D:4      | Reached skill level 5 in Shapeshifting
  2271 | D:4      | Noticed an ice beast
  2281 | D:4      | Found a hazy altar of Hepliaklqana.
  2312 | D:4      | Killed an ice beast
  2313 | D:4      | Reached XP level 6. HP: 26/47 MP: 6/6
  2437 | D:4      | Reached skill level 1 in Armour
  2444 | D:4      | Found Weiseazu's Jewellery Emporium.
  2484 | D:4      | Reached XP level 7. HP: 52/52 MP: 7/7
  2573 | D:4      | Found a runed translucent door.
  2574 | D:4      | Noticed Crazy Yiuf
  2631 | D:4      | Reached skill level 5 in Dodging
  2881 | D:5      | Entered Level 5 of the Dungeon
  3048 | D:5      | Reached skill level 5 in Unarmed Combat
  3457 | D:5      | Reached XP level 8. HP: 21/60 MP: 8/8
  3875 | D:5      | Found an ancient bone altar of Kikubaaqudgha.
  3884 | D:5      | Identified the +8 mace of Eklowujo {heavy, rElec rF+ Str+6}
  4181 | D:6      | Identified the +4 ring mail of Loss {Will+ Dex+3}
  4565 | D:6      | Reached skill level 5 in Fighting
  4959 | D:6      | Found a sparkling altar of Nemelex Xobeh.
  5483 | D:7      | Found a staircase to the Ecumenical Temple.
  5503 | D:7      | Found a burning altar of Makhleb.
  5521 | Temple   | Entered the Ecumenical Temple
  5583 | Temple   | Became a worshipper of Ru the Awakened
  5607 | D:7      | Reached XP level 9. HP: 62/68 MP: 9/9
  5630 | D:7      | Noticed Maggie
  5651 | D:7      | Killed Maggie
  7048 | D:8      | Noticed a manticore
  7055 | D:8      | Killed a manticore
  7056 | D:8      | Reached XP level 10. HP: 43/77 MP: 10/10
  7161 | D:8      | Noticed a two-headed ogre
  7170 | D:8      | Killed a two-headed ogre
  7179 | D:8      | Noticed a centaur warrior
  7188 | D:8      | Killed a centaur warrior
  7195 | D:8      | Noticed a kobold demonologist
  7204 | D:8      | Killed a kobold demonologist
  7246 | D:8      | Noticed a manticore
  7257 | D:8      | Killed a manticore
  7279 | D:8      | Slain by a basilisk

Illustrated notes

Levels and vault maps discovered:
D:1:      kilobyte_arrival_exit_the_forest, layout_loops_cross
D:2:      layout_rooms, basic_altar,
          hellmonk_ecumenical_altar_pennies_from_heaven,
          hangedman_decor_riveting
D:3:      layout_loops_ring, hangedman_decor_clover_reticule, uniq_natasha
D:4:      layout_cave_pools, worldfamousw_hep_ancestral_shrine, serial_shops,
          shop, serial_forest, infiniplex_forest_lined_corner,
          infiniplex_forest_lined_corner, infiniplex_forest_clump_cross,
          infiniplex_forest_end_3, infiniplex_forest_end_3,
          infiniplex_forest_clump_diagonal, infiniplex_forest_end_2,
          uniq_crazy_yiuf_cottage
D:5:      layout_basic, kennysheep_vampire_church, kennysheep_pointless_box,
          minmay_misc_feat_x, dk_noncrumbling_2, serial_bayou_pond_b
D:6:      layout_loops_corners, nemelex_xobeh_ov_fountains_minmay, minivault_14
D:7:      layout_loops_corners, mainiacjoe_overflow_six_doors_small,
          minmay_temple_entry_stoned_glass, st_stairs_3, uniq_maggie
D:8:      minmay_cut_squares, layout_basic, serial_demonic, serial_demonic_d,
          serial_demonic_a, serial_demonic_a, serial_demonic_c,
          minmay_misc_feat_tiny, hellmonk_guarded_unrand_dark_maul
Temple:   nicolae_temple_bog_church

Skill      XL: |  1  2  3  4  5  6  7  8  9 10 |
---------------+-------------------------------+-----
Dodging        | 3 4 5 7 8 9 |  9.5
Polearms       | 1 2 |  2.8
Fighting       | 2 3 4 5 6 7 |  7.6
Unarmed Combat | 4 5 6 7 8 |  8.4
Shapeshifting  | 5 6 7 8 9 |  9.4
Armour         | 1 2 3 4 |  4.7

Action                     |  1- 3 |  4- 6 |  7- 9 | 10-12 || total
---------------------------+-------+-------+-------+-------++-------
  Melee: Unarmed           |    90 |   118 |   324 |    35 ||   567
         Punch             |     2 |     2 |     9 |       ||    13
  Throw: Throwing net      |       |       |     1 |       ||     1
  Evoke: Wand              |       |     1 |       |       ||     1
    Use: Scroll            |       |       |     7 |       ||     7
   Stab: Held in net/web   |       |       |     1 |       ||     1
 Armour: Animal skin       |    37 |    24 |       |       ||    61
         Scale mail        |       |    40 |   209 |       ||   249
         Skin              |       |     2 |    40 |    21 ||    63
  Dodge: Dodged            |    51 |    70 |   227 |    33 ||   381
   Form: Flux              |       |     1 |     1 |       ||     2
         Beast             |       |     1 |     1 |       ||     2
                           |       |       |     1 |       ||     1

Table legend: (Time is in decaauts)
 A = Elapsed time spent in this place.
 B = Non-inter-level travel time spent in this place.
 C = Inter-level travel time spent in this place.
 D = Time resting spent in this place.
 E = Time spent auto-exploring this place.
 F = Levels seen in this place.
 G = Mean time per level.
                   A        B        C        D        E       F      G
               +--------+--------+--------+--------+--------+-----+--------+
         Total |   7192 |   6974 |    218 |    917 |   4877 |   9 |  799.1 |
       Dungeon |   7126 |   6942 |    184 |    917 |   4877 |   8 |  890.8 |
        Temple |     66 |     32 |     34 |      0 |      0 |   1 |   66.0 |
               +--------+--------+--------+--------+--------+-----+--------+

Top non-repeatable levels by time:
     D:6: 1438 daAuts
     D:7: 1325 daAuts
     D:5: 1069 daAuts
     D:1: 847 daAuts
     D:3: 804 daAuts
     D:4: 746 daAuts
     D:2: 454 daAuts
     D:8: 441 daAuts
  Temple: 66 daAuts
